 Dungeon Crawl Stone Soup version 0.25.1-11-g244df3a29b (webtiles) character file.

Game seed: 8954755447422399411

2426 DeepDeath the Cleaver (level 9, -7/65 HPs)
             Began as a Formicid Gladiator on Dec 30, 2023.
             Mangled by an ogre
             ... wielding a +0 giant club
              (21 damage)
             ... on level 7 of the Dungeon.
             The game lasted 00:23:57 (6519 turns).

DeepDeath the Cleaver (Formicid Gladiator)          Turns: 6519, Time: 00:23:57

Health: -7/65      AC:  6    Str: 26    XL:     9   Next: 77%
Magic:  11/11      EV: 13    Int: 12    God:
Gold:   218        SH:  6    Dex: 15    Spells: 8/8 levels left

rFire    . . .     SeeInvis +   x - +0 war axe of Conservatism {holy, Fragile rPois Int+3} (curse)
rCold    . . .     Gourm    .   t - +1 buckler (curse)
rNeg     . . .     Faith    .   q - +0 ring mail
rPois    +         Spirit   .   (helmet unavailable)
rElec    .         Reflect  .   (no cloak)
rCorr    .         Harm     .   (no gloves)
MR       .....                  (no boots)
Stlth    ++........             u - amulet of magic regeneration
HPRegen  0.20/turn              k - +6 ring of strength
MPRegen  0.37/turn              (no ring)

@: no status effects
A: permanent stasis, dig shafts and tunnels, four strong arms, antennae 3, thin
skeletal structure 1, deterioration 1, high mp 1, wild magic 1
a: Dig, Shaft Self


You were on level 7 of the Dungeon.
You were not hungry.

You visited 1 branch of the dungeon, and saw 7 of its levels.
You also visited: Ossuary.

You collected 414 gold pieces.
You spent 196 gold pieces at shops.

Inventory:

Hand Weapons
 a - a +1 war axe of venom
 w - a +2 mace of freezing
 x - the cursed +0 war axe of Conservatism (weapon) {holy, Fragile rPois Int+3}
   (You found it on level 6 of the Dungeon)

   It has been blessed by the Shining One to cause great damage to the undead
   and demons.
   It affects your intelligence (+3).
   It protects you from poison.
   It will be destroyed if unequipped.
   It has a curse placed upon it.
 B - a +0 halberd
 F - the +3 hand axe of the Beginning {drain, +Blink rF- rN+ Dex+4}
   (You took it off a gnoll sergeant on level 6 of the Dungeon)

   A truly terrible weapon, it drains the life of those it strikes.
   It affects your dexterity (+4).
   It makes you vulnerable to fire.
   It protects you from negative energy.
   It lets you blink.
Missiles
 d - 106 stones
 j - 108 sling bullets
 l - 91 bolts
 m - 2 javelins
 n - 87 arrows
 s - 22 poisoned darts (quivered)
 C - 4 boomerangs
 N - 4 throwing nets
Armour
 p - a +0 scale mail
 q - a +0 ring mail (worn)
 t - a cursed +1 buckler (worn)
Jewellery
 k - a +6 ring of strength (left hand)
 u - an amulet of magic regeneration (around neck)
Wands
 r - a wand of flame (21)
 y - a wand of paralysis (5)
 z - a wand of random effects (10)
Scrolls
 e - 2 scrolls of remove curse
 A - 2 scrolls of magic mapping
Potions
 b - 2 potions of heal wounds
 c - 6 potions of curing
 g - 2 potions of flight
 h - a potion of resistance {unknown}
 i - 2 potions of cancellation
 o - a potion of might
 v - 2 potions of ambrosia
 D - a potion of stabbing {unknown}
Comestibles
 f - 11 rations


   Skills:
 - Level 4.0 Fighting
 * Level 9.7 Axes
 - Level 4.0 Throwing
 - Level 5.0 Armour
 - Level 4.0 Dodging
 - Level 2.0 Stealth
 - Level 3.0 Shields
 - Level 2.0 Evocations


You had 8 spell levels left.
You didn't know any spells.
Your spell library contained the following spells:

 Spells                   Type           Power        Failure   Level  Hunger
 Magic Dart               Conj           #...         52%         1    ##.....
 Searing Ray              Conj           #.....       67%         2    ###....
 Dazzling Flash           Conj/Hex       #.....       87%         3    ####...
 Fulminant Prism          Conj/Hex       #.........   99%         4    #####..
 Iskenderun's Mystic Bla  Conj/Tloc      #.......     99%         4    #####..


Dungeon Overview and Level Annotations

Branches:
Dungeon (7/15)            Ossuary (visited)
 Temple: D:4-7

Altars:
Ashenzari
Cheibriados
Fedhas
Gozag
Ru
Sif Muna

Shops:
D:4 ::}*

Annotations:
D:3 1 runed translucent door, Crazy Yiuf


Innate Abilities, Weirdness & Mutations

You cannot be hasted, slowed, berserked, paralysed or teleported.
You can dig through walls and to a lower floor.
Your four strong arms can wield two-handed weapons with a shield.
You have a pair of large antennae on your head. (SInv)
You have a somewhat thin skeletal structure. (Dex +2, Stealth)
Your body sometimes deteriorates upon taking damage.
You have an increased reservoir of magic. (+10% MP)
Your spells are a little harder to cast, but a little more powerful.


Message History

The water moccasin is moderately wounded.
The water moccasin closely misses you. The water moccasin misses you.
You slash the water moccasin!
The water moccasin is almost dead.
The water moccasin bites you.
You miss the water moccasin.
The water moccasin is almost dead.
The water moccasin bites you. x2
* * * LOW HITPOINT WARNING * * *
You barely miss the water moccasin.
The water moccasin is almost dead.
The water moccasin closely misses you.
You slash the water moccasin!
You kill the water moccasin!
Training target 5.0 for Armour reached!
Your Armour skill increases to level 5!
You slash the ogre!
The ogre is heavily wounded.
The ogre hits you with a +0 giant club!!
You die...

###......#.##.......#
(.####...............#..<
((...#...............#...
.........###.....##.##...
...(......##.............
....(......##..........##
...(.##...............#
#.†##..#....##....... #
#†O@..#...##........ .###.
#.###....##...#....#
.....##.####.#.##......###
.......O.###...........#
..............#...[....#
.....#.......##...
#.#..#......## . #
#..........# ....(........


You could see an ogre.

Vanquished Creatures
  A hippogriff (D:7)
  Sigmund (D:2)
  A water moccasin (D:7)
  Duvessa (D:5)
  3 phantoms
  A centaur (D:7)
  2 bullfrogs
  Dowan (D:5)
  A gnoll sergeant (D:6)
  2 scorpions
  A water moccasin skeleton (D:7)
  4 wights (D:6)
  2 crimson imps
  A howler monkey (D:5)
  A centaur zombie (Ossuary)
  A bullfrog zombie (D:6)
  A jelly (D:5)
  A hound (D:7)
  6 human zombies (Ossuary)
  2 centaur skeletons
  An iguana (D:4)
  3 orc wizards
  3 worker ants
  A hound skeleton (D:4)
  2 mummies (Ossuary)
  12 gnolls
  6 adders
  An ooze (D:3)
  An adder zombie (Ossuary)
  4 worms
  2 dart slugs
  6 leopard geckos
  8 orcs
  12 giant cockroaches
  11 goblins
  5 hobgoblins
  2 jackals (D:5)
  6 quokkas
  A ball python (D:1)
  8 bats
  9 frilled lizards
  A goblin zombie (Ossuary)
  10 hobgoblin zombies (Ossuary)
  A jackal skeleton (D:6)
  8 kobolds
  8 kobold zombies (Ossuary)
  8 orc zombies (Ossuary)
  6 rats
  2 rat zombies (Ossuary)
182 creatures vanquished.

Notes
Turn   | Place    | Note
-------+----------+-------------------------------------------
     0 | D:1      | DeepDeath the Formicid Gladiator began the quest for the
                  | Orb.
     0 | D:1      | Reached XP level 1. HP: 16/16 MP: 1/1
   155 | D:1      | Reached XP level 2. HP: 19/22 MP: 2/2
   478 | D:1      | Reached XP level 3. HP: 24/27 MP: 3/3
  1349 | D:2      | Reached XP level 4. HP: 31/33 MP: 4/4
  1356 | D:2      | Reached skill level 4 in Axes
  1490 | D:2      | Reached skill level 1 in Armour
  1649 | D:2      | Noticed Sigmund
  1666 | D:2      | Gained mutation: Your body sometimes deteriorates upon
                  | taking damage. [potion of mutation]
  1666 | D:2      | Gained mutation: You have a somewhat thin skeletal
                  | structure. (Dex +2, Stealth) [potion of mutation]
  1666 | D:2      | Gained mutation: You have an increased reservoir of magic.
                  | (+10% MP) [potion of mutation]
  1666 | D:2      | Gained mutation: Your spells are a little harder to cast,
                  | but a little more powerful. [potion of mutation]
  1674 | D:2      | Killed Sigmund
  1674 | D:2      | Reached skill level 5 in Axes
  1674 | D:2      | Reached XP level 5. HP: 34/39 MP: 5/5
  1674 | D:2      | Reached XP level 6. HP: 40/46 MP: 6/6
  1938 | D:2      | Found a shattered altar of Ashenzari.
  2449 | D:3      | Reached skill level 1 in Stealth
  3058 | D:3      | Found a snail-covered altar of Cheibriados.
  3423 | D:3      | Found a runed translucent door.
  3424 | D:3      | Noticed Crazy Yiuf
  3464 | D:4      | Noticed a phantom
  3483 | D:3      | Killed a phantom
  3483 | D:3      | Reached skill level 6 in Axes
  3483 | D:3      | Reached XP level 7. HP: 27/52 MP: 7/7
  3696 | D:4      | Found Huipil's Book Shop.
  3767 | D:4      | Found Kyt Pail's Book Shoppe.
  3960 | D:5      | Entered Level 5 of the Dungeon
  4062 | D:5      | Noticed Dowan
  4094 | D:5      | Reached skill level 1 in Shields
  4133 | D:5      | Found a sand-covered staircase.
  4142 | Ossuary  | Entered an ossuary
  4305 | Ossuary  | Reached skill level 7 in Axes
  4313 | Ossuary  | Reached XP level 8. HP: 42/58 MP: 8/8
  4779 | D:4      | Found Geiboih's Gadget Emporium.
  4783 | D:4      | Bought a wand of paralysis (10) for 144 gold pieces
  4791 | D:4      | Found Zitir's General Store.
  4797 | D:4      | Bought a scroll of identify for 26 gold pieces
  4797 | D:4      | Bought a scroll of identify for 26 gold pieces
  4854 | D:4      | Found a shimmering blue altar of Sif Muna.
  4860 | D:4      | Found a blossoming altar of Fedhas.
  4863 | D:4      | Found an opulent altar of Gozag.
  4988 | D:4      | Reached skill level 8 in Axes
  4988 | D:4      | Reached skill level 1 in Evocations
  5034 | D:5      | Found a sacrificial altar of Ru.
  5446 | D:5      | Noticed Duvessa
  5466 | D:5      | Killed Duvessa
  5478 | D:5      | Killed Dowan
  5548 | D:6      | Got a slimy war axe
  5549 | D:6      | Identified the cursed +0 war axe of Conservatism {holy,
                  | Fragile rPois Int+3} (You found it on level 6 of the
                  | Dungeon)
  5630 | D:6      | Reached XP level 9. HP: 51/64 MP: 11/11
  6057 | D:6      | Identified the +3 hand axe of the Beginning {drain, +Blink
                  | rF- rN+ Dex+4}
  6209 | D:6      | Reached skill level 9 in Axes
  6476 | D:7      | Noticed a hippogriff
  6488 | D:7      | Killed a hippogriff
  6518 | D:7      | Reached skill level 5 in Armour
  6519 | D:7      | Mangled by an ogre

Illustrated notes

Levels and vault maps discovered:
D:1:      dpeg_arrival_shrine, layout_basic
D:2:      kennysheep_the_goblin_king, layout_basic, overflow_temple_1_default,
          uniq_sigmund
D:3:      layout_rooms, lemuel_crystal_altar, first_ration,
          uniq_crazy_yiuf_cottage
D:4:      layout_rooms, grunt_temple_overflow_diamond, serial_shops, shop, shop,
          shop, shop
D:5:      layout_loops_ring, kennysheep_little_box, nicolae_ossuary_entry_plus,
          patterned_corridor, uniq_duvessa
D:6:      layout_rooms
D:7:      layout_cave_pools, minmay_temple_entry_junction,
          ebering_ghost_disaster_area, uniq_pikel

Skill      XL: |  1  2  3  4  5  6  7  8  9 |
---------------+----------------------------+-----
Dodging        | 3 4 |  4.0
Axes           | 5 6 7 8 9 |  9.7
Armour         | 2 3 5 |  5.0
Stealth        | 1 2 |  2.0
Fighting       | 3 4 |  4.0
Shields        | 2 3 |  3.0
Evocations     | 2 |  2.0
Throwing       | 4 |  4.0

Action                   |  1- 3 |  4- 6 |  7- 9 || total
-------------------------+-------+-------+-------++-------
Melee: War axe           |   121 |   125 |   360 ||   606
Throw: Throwing net      |       |     2 |       ||     2
       Stone             |       |    12 |       ||    12
       Dart              |       |       |    25 ||    25
 Abil: Dig               |       |     2 |     3 ||     5
Evoke: Wand              |       |       |     5 ||     5
  Use: Scroll            |     3 |     4 |    11 ||    18
       Potion            |       |     1 |       ||     1
 Stab: Held in net/web   |       |     1 |       ||     1
       Sleeping          |       |     2 |     5 ||     7
       Paralysed         |       |       |     5 ||     5
  Eat: Chunk             |     1 |     8 |     4 ||    13
       Ration            |       |       |     2 ||     2
Armor: Leather armour    |    51 |    11 |       ||    62
       Ring mail         |       |    25 |    62 ||    87
Dodge: Dodged            |   106 |    77 |   186 ||   369
Block: Buckler           |       |       |    61 ||    61
